 Dungeon Crawl Stone Soup version 0.24.0-13-gcf9b319 (webtiles) character file.

Game seed: 12250670510775339371, levelgen mode: deterministic

4812 Bronimir the Zephyrmancer (level 10, -5/56 HPs)
             Began as a Tengu Air Elementalist on Apr 4, 2020.
             Was a Believer of Vehumet.
             Killed from afar by Erolcha (22 damage)
             ... with a crystal spear
             ... on level 9 of the Dungeon.
             The game lasted 00:38:15 (11952 turns).

Bronimir the Zephyrmancer (Tengu Air Elementalist) Turns: 11952, Time: 00:38:16

Health: -5/56      AC: 13    Str: 11 (12) XL:     10   Next: 48%
Magic:  16/20      EV: 14    Int: 14 (16) God:    Vehumet [**....]
Gold:   440        SH:  0    Dex: 13 (14) Spells: 4/22 levels left

rFire    . . .     SeeInvis .   a - +0 hand axe (vamp)
rCold    . . .     Gourm    .   (no shield)
rNeg     . . .     Faith    .   r - +2 ring mail
rPois    .         Spirit   .   (helmet restricted)
rElec    .         Reflect  .   (no cloak)
rCorr    .         Harm     .   (no gloves)
MR       .....                  (boots unavailable)
Stlth    +.........             (no amulet)
HPRegen  0.18/turn              l - +5 ring of protection
MPRegen  0.17/turn              (no ring)

@: flying quickly and evasively, quick
A: beak, talons 3, able to fly
a: Stop Flying, Renounce Religion


You were on level 9 of the Dungeon.
You worshipped Vehumet.
Vehumet was pleased with you.
You were not hungry.

You visited 2 branches of the dungeon, and saw 10 of its levels.

You collected 440 gold pieces.

Inventory:

Hand Weapons
 a - a +0 vampiric hand axe (weapon)
 b - a +2 shortbow of freezing
 J - a +0 spear
Missiles
 e - 34 poisoned darts (quivered)
 p - 224 stones
 q - 68 arrows
 E - 6 silver boomerangs
 G - 19 sling bullets
Armour
 f - a +0 robe
 m - a +0 shield
 r - a +2 ring mail (worn)
 B - the +3 robe of the Arcane {rPois Dex+2 Slay-5}
   (You found it on level 5 of the Dungeon)

   It affects your dexterity (+2).
   It affects your accuracy and damage with ranged weapons and melee attacks
   (-5).
   It protects you from poison.
Magical Staves
 A - an uncursed staff of earth
Jewellery
 l - a +5 ring of protection (left hand)
 y - an uncursed ring of ice
Wands
 i - a wand of flame (2)
 v - a wand of clouds (4)
 D - a wand of enslavement (8)
 I - a wand of disintegration (5)
Scrolls
 d - 4 scrolls of remove curse
 g - 2 scrolls of teleportation
 u - 2 scrolls of amnesia
 x - 6 scrolls of identify
Potions
 h - a potion of magic
 j - 6 potions of curing
 k - 4 potions of heal wounds
 n - a potion of ambrosia
 t - 3 potions of haste
 w - a potion of brilliance
Comestibles
 c - 12 rations


   Skills:
 + Level 3.8 Fighting
 * Level 1.0(3.2) Axes
 + Level 4.8(4.9) Polearms
 * Level 5.8 Bows
 + Level 0.5 Throwing
 * Level 5.0 Armour
 + Level 3.4 Dodging
 - Level 2.0 Stealth
 + Level 6.5 Spellcasting
 * Level 7.0 Conjurations
 + Level 0.1 Ice Magic
 * Level 10.2 Air Magic


You had 4 spell levels left.
You knew the following spells:

 Your Spells              Type           Power        Failure   Level  Hunger
a - Shock                 Conj/Air       ####         1%          1    None
b - Swiftness             Chrm/Air       ###.....     6%          2    #......
c - Static Discharge      Conj/Air       ####....     2%          3    ##.....
d - Airstrike             Air            ####......   4%          4    ####...
e - Lightning Bolt        Conj/Air       ####......   26%         5    ######.
f - Freeze                Ice            #...         32%         1    None
g - Searing Ray           Conj           ###...       2%          2    #......

Your spell library contained the following spells:

 Spells                   Type           Power        Failure   Level  Hunger


Dungeon Overview and Level Annotations

Branches:
Dungeon (9/15)             Temple (1/1) D:4
   Lair: D:8-11         Orc: D:9-12

Altars:
Ashenzari
Cheibriados
Dithmenos
Elyvilon
Fedhas
Gozag
Hepliaklqana
Kikubaaqudgha
Makhleb
Nemelex Xobeh
Okawaru
Qazlal
Ru
Sif Muna
Trog
Vehumet
Wu Jian
Xom
Zin
The Shining One

Annotations:
D:9 Erolcha


Innate Abilities, Weirdness & Mutations

You have a beak for a mouth.
You have claws for feet.
You can fly continuously.


Message History

Erolcha easily resists.
Evoke which item? (* to show all) (? for menu, Esc to quit)
Aiming: Disintegrate
Press: ? - help, Shift-Dir - straight line, f/p - Erolcha
Aim: Erolcha, wielding a -3 giant club and wearing a +0 robe (lightly wounded, fast, chance to defeat MR: 30%) Erolcha easily resists.
Evoke which item? (* to show all) (? for menu, Esc to quit)
Aiming: Disintegrate
Press: ? - help, Shift-Dir - straight line, f/p - Erolcha
Aim: Erolcha, wielding a -3 giant club and wearing a +0 robe (lightly wounded, fast, chance to defeat MR: 30%) Erolcha easily resists.
Erolcha casts a spell at you. The bolt of cold hits you!
Erolcha points at you and mumbles some strange words.
The crystal spear hits you!!
There is a stone staircase leading up, spattered with blood here.
You see here 2 arrows.
Erolcha points at you and mumbles some strange words.
The crystal spear hits you!!
You die...

.................
.................
.................
.................
.....(.[..........
..................
..................
#.(#.........
#.@..........
##.).........
##O[........
##..........
##..........#
#...........##
##...........#
##...>..%...##
#########...........#


You could see Erolcha.

Vanquished Creatures
  A hornet (D:7)
  Eustachio (D:4)
  9 yaks
  A hungry ghost (D:9)
  A water moccasin (D:7)
  An ice beast (D:7)
  4 sky beasts
  5 ogres
  A necrophage (D:6)
  3 centaurs
  A big kobold (D:9)
  3 bullfrogs
  A gnoll sergeant (D:7)
  A scorpion (D:6)
  A howler monkey (D:5)
  3 wights (D:9)
  5 crimson imps
  A centaur zombie (D:6)
  A quasit (D:8)
  2 jellies
  A gnoll shaman (D:7)
  3 orc priests
  5 hounds
  6 orc wizards
  4 iguanas
  A centaur skeleton (D:8)
  2 worker ants
  A killer bee zombie (D:6)
  10 gnolls
  A howler monkey skeleton (D:5)
  6 adders
  3 shadow imps
  4 adder skeletons
  4 worms
  2 dart slugs (D:3)
  8 leopard geckos
  20 orcs
  A ball python (D:3)
  5 bats
  2 giant cockroaches
  5 goblins
  8 hobgoblins
  6 jackals (D:5)
  3 quokkas
  5 frilled lizards
  4 kobolds
  3 leopard gecko skeletons
  5 rats
174 creatures vanquished.

Notes
Turn   | Place    | Note
-------+----------+-------------------------------------------
     0 | D:1      | Bronimir the Tengu Air Elementalist began the quest for the
                  | Orb.
     0 | D:1      | Reached XP level 1. HP: 10/10 MP: 4/4
   314 | D:1      | Reached XP level 2. HP: 8/15 MP: 4/6
   583 | D:1      | Learned a level 2 spell: Swiftness
  1105 | D:2      | Reached skill level 1 in Polearms
  1105 | D:2      | Reached XP level 3. HP: 4/19 MP: 0/7
  1421 | D:2      | Found a sparkling altar of Nemelex Xobeh.
  1671 | D:3      | Reached skill level 1 in Armour
  1806 | D:2      | Reached skill level 5 in Air Magic
  1806 | D:2      | Reached XP level 4. HP: 15/24 MP: 1/9
  1882 | D:2      | Learned a level 3 spell: Static Discharge
  2551 | D:3      | Gained mutation: You can fly continuously. [Tengu growth]
  2551 | D:3      | Reached XP level 5. HP: 19/28 MP: 5/10
  3211 | D:3      | Learned a level 4 spell: Airstrike
  3289 | D:4      | Noticed Eustachio
  3319 | D:4      | Killed Eustachio
  3319 | D:4      | Reached skill level 1 in Fighting
  3319 | D:4      | Reached skill level 6 in Air Magic
  3319 | D:4      | Reached XP level 6. HP: 30/34 MP: 0/12
  3456 | D:4      | Found a burning altar of Makhleb.
  3670 | D:4      | Found a glowing golden altar of the Shining One.
  3780 | D:4      | Found a staircase to the Ecumenical Temple.
  3808 | Temple   | Entered the Ecumenical Temple
  4007 | Temple   | Became a worshipper of Ru the Awakened
  4164 | D:4      | Found a shadowy altar of Dithmenos.
  4164 | D:4      | Found a radiant altar of Vehumet.
  4169 | D:4      | Fell from the grace of Ru
  4169 | D:4      | Became a worshipper of Vehumet
  4342 | D:5      | Entered Level 5 of the Dungeon
  4359 | D:5      | Noticed a sky beast
  4380 | D:5      | Reached XP level 7. HP: 38/38 MP: 1/13
  4951 | D:5      | Reached skill level 7 in Air Magic
  5313 | D:5      | Reached XP level 8. HP: 38/44 MP: 6/15
  5811 | D:5      | Got a crude robe
  5822 | D:5      | Identified the +3 robe of the Arcane {rPois Dex+2 Slay-5}
                  | (You found it on level 5 of the Dungeon)
  5983 | D:6      | Found a glowing silver altar of Zin.
  6175 | D:6      | Reached skill level 5 in Spellcasting
  6175 | D:6      | Reached skill level 8 in Air Magic
  6720 | D:6      | Reached * piety under Vehumet
  6720 | D:6      | Offered knowledge of Freeze by Vehumet.
  6808 | D:6      | Found a shattered altar of Ashenzari.
  6949 | D:7      | Noticed a hornet
  6951 | D:7      | Killed a hornet
  6951 | D:7      | Reached skill level 1 in Bows
  7026 | D:7      | Reached XP level 9. HP: 48/48 MP: 18/18
  7295 | D:7      | Reached skill level 5 in Conjurations
  7374 | D:7      | Learned a level 5 spell: Lightning Bolt
  7376 | D:7      | Learned a level 1 spell: Freeze
  8576 | D:7      | Found a bloodstained altar of Trog.
  8659 | D:7      | Found a shimmering blue altar of Sif Muna.
  8980 | D:8      | Offered knowledge of Searing Ray by Vehumet.
  9190 | D:8      | Reached ** piety under Vehumet
  9546 | D:9      | Reached skill level 9 in Air Magic
  9702 | D:9      | Noticed Erolcha
  9760 | D:8      | Learned a level 2 spell: Searing Ray
 10130 | D:8      | Reached skill level 5 in Bows
 10130 | D:8      | Reached XP level 10. HP: 23/54 MP: 4/20
 10818 | D:8      | Reached skill level 10 in Air Magic
 11168 | D:8      | Reached skill level 1 in Axes
 11855 | D:9      | Reached skill level 5 in Armour
 11952 | D:9      | Killed from afar by Erolcha

Levels and vault maps discovered:
D:1:      nagdon_arrival_zigzag_paths, layout_basic, hangedman_decor_riveting
D:2:      minmay_wonky_spiral, layout_basic, lemuel_crystal_altar, first_ration
D:3:      layout_basic, corexii_leaking_fountain
D:4:      layout_basic, kennysheep_little_box, lemuel_doored_altar,
          gammafunk_temple_overflow_wave, temple_pool_b,
          kennysheep_small_square, uniq_eustachio
D:5:      layout_loops_ring, nicolae_overflow_hidden_temple
D:6:      layout_basic, kennysheep_mini, old_standard_altar
D:7:      layout_cave_pools, marbit_many_paths, lemuel_blue_sif_altar,
          serial_park, serial_park_avenue1, serial_park_square1
          [serial_park_minivault_5x5_6], serial_park_tiny_pond,
          serial_park_gazebo [serial_park_minivault_5x5_6], serial_park_square3
          [serial_park_minivault_5x5_3]
D:8:      layout_gridville, kennysheep_decorative_pillar
D:9:      layout_cross, dpeg_lair_monsters, blue_anna_alchemist
          [blue_anna_fruit_fields, blue_anna_fruit_fields], dk_vineyard_1,
          uniq_erolcha, uniq_pikel
Temple:   minmay_temple_curvy_loop

Skill      XL: |  1  2  3  4  5  6  7  8  9 10 |
---------------+-------------------------------+-----
Polearms       | 1 2 3 4 |  4.8
Armour         | 1 2 3 4 5 |  5.0
Conjurations   | 2 3 4 5 7 |  7.0
Air Magic      | 5 6 7 8 9 10 | 10.2
Spellcasting   | 3 4 5 6 |  6.5
Fighting       | 1 2 3 |  3.8
Bows           | 1 5 |  5.8
Dodging        | 3 |  3.4
Axes           | 1 |  1.0
Throwing       | |  0.5
Stealth        | |  2.0
Ice Magic      | |  0.1

Action                   |  1- 3 |  4- 6 |  7- 9 | 10-12 || total
-------------------------+-------+-------+-------+-------++-------
Melee: Spear             |    54 |    72 |   142 |    16 ||   284
       Kick              |     5 |    13 |    35 |     7 ||    60
       Peck              |     5 |     8 |    21 |     4 ||    38
       Hand axe          |       |       |       |    21 ||    21
 Fire: Shortbow          |       |       |   192 |     9 ||   201
Throw: Dart              |       |     7 |       |       ||     7
 Cast: Shock             |    49 |    73 |    46 |     5 ||   173
       Static Discharge  |       |     3 |    13 |    14 ||    30
       Airstrike         |       |     4 |    57 |    18 ||    79
       Swiftness         |       |       |     4 |     1 ||     5
       Searing Ray       |       |       |     2 |       ||     2
       Freeze            |       |       |       |     1 ||     1
 Abil: Fly               |       |     1 |       |       ||     1
Evoke: Wand              |       |       |       |    17 ||    17
  Use: Potion            |     2 |       |     3 |     8 ||    13
       Scroll            |       |       |    11 |     3 ||    14
 Stab: Sleeping          |     4 |     2 |       |       ||     6
       Distracted        |       |     1 |       |       ||     1
       Fleeing           |       |       |     1 |       ||     1
       Invisible         |       |       |       |     1 ||     1
  Eat: Chunk             |     3 |     9 |    18 |     5 ||    35
       Ration            |       |       |     3 |     4 ||     7
Armor: Robe              |    16 |    21 |    21 |       ||    58
       Ring mail         |       |       |    87 |    52 ||   139
       Skin              |       |       |       |    18 ||    18
Dodge: Dodged            |    38 |    71 |   226 |    73 ||   408
